 Dungeon Crawl Stone Soup version 0.32-a0-909-gc671339a80 (webtiles) character file.

Game seed: 9835449771250348119

89 Twinkles the Ruffian (level 4, -1/29 HPs)
             Began as an Octopode Shapeshifter on Apr 7, 2024.
             Slain by a phantom (7 damage)
             ... on level 3 of the Dungeon.
             The game lasted 00:06:35 (1435 turns).

Twinkles the Ruffian (Octopode Shapeshifter)        Turns: 1435, Time: 00:06:35

Health: -1/29      AC:  5    Str: 15    XL:     4   Next: 55%
Magic:  4/4        EV: 12    Int: 12    God:
Gold:   84         SH:  0    Dex: 11    Spells: 3/3 levels left

rFire   . .          .
                       - Unarmed
rCold   . . .        (no shield)
rNeg    . . .        (helmet currently unavailable)
rPois   .            (no amulet)
rElec   .            e - +4 ring of protection
rCorr   .            (no ring)
SInv    .            (no ring)
Will    .....        (no ring)
Stlth   +++          (no ring)
HPRegen 0.24/turn    (no ring)
MPRegen 0.09/turn    (no ring)
                     (no ring)

%: no passive effects
@: beast-form
A: beast (slay +1), almost no armour, amphibious, 8 rings, camouflage 1,
gelatinous body 1, (nimble swimmer 1), tentacles
a: Begin Untransformation


You were on level 3 of the Dungeon.
You were a hulking beast.
You visited 1 branch of the dungeon, and saw 3 of its levels.

You collected 84 gold pieces.

Inventory:

Missiles
 h - 4 poisoned darts (quivered)
Jewellery
 e - a +4 ring of protection (left tentacle)
Talismans
 b - a beast talisman (active)
 c - a flux talisman
Scrolls
 d - a scroll of amnesia {unknown}
 f - a scroll of identify {unknown}
 g - a scroll of revelation {unknown}
 i - a scroll of enchant armour {unknown}
 j - a scroll of noise {unknown}
 k - a scroll of immolation {unknown}
Potions
 a - a potion of haste {unknown}
 P - a potion of lignification


   Skills:
 + Level 2.1 Fighting
 + Level 2.7 Dodging
 + Level 1.6 Stealth
 + Level 3.5 Unarmed Combat
 + Level 3.4 Shapeshifting


You had 3 spell levels left.
You didn't know any spells.
Your spell library contained the following spells:

 Spells                   Type           Power      Damage    Failure   Level
 Freeze                   Ice            0%         1d3       32%         1
 Ensorcelled Hibernation  Hex/Ice        0%         N/A       45%         2
 Frozen Ramparts          Ice            0%         1d1       69%         3
 Fugue of the Fallen      Necr           0%         N/A       69%         3
 Hailstorm                Conj/Ice       0%         3d5       69%         3
 Anguish                  Hex/Necr       0%         N/A       97%         4


Dungeon Overview and Level Annotations

Branches:
Dungeon (3/15) Zot: 16570

Altars:

Shops:
D:2 *:


Innate Abilities, Weirdness & Mutations

You are a hulking beast.
Your limbs bulge with bestial killing power. (Slay +1)
You cannot wear most types of armour.
You are amphibious.
You can wear up to eight rings at the same time.
Your skin changes colour to match your surroundings (Stealth+).
Your rubbery body absorbs attacks. (AC +1, EV +1)
((You are camouflaged when in or above water. (Stealth+)))
You have tentacles for arms and can constrict up to eight enemies at once.


Message History

No target in view!
No target in view!
You start resting.
HP restored.
You climb downwards.
The phantom barely misses you.
There is a stone staircase leading up here.
You closely miss the phantom. The phantom hits you.
You tentacle-slap the phantom. Your squeeze misses the phantom.
The phantom is lightly damaged.
The phantom hits you!
You are too injured to fight recklessly!
You are too injured to fight recklessly!
You tentacle-slap the phantom.
The phantom is moderately damaged.
The phantom hits you.
You miss the phantom.
The phantom is moderately damaged.
The phantom hits you.
The phantom blinks!
You blink.
Found 3 stones and a dark potion.
Press: ? - help, v - describe, . - travel A rock wall.
Unknown command.
You tentacle-slap the phantom but do no damage.
The phantom is moderately damaged.
The phantom closely misses you.
You barely miss the phantom.
The phantom is moderately damaged.
The phantom barely misses you.
You tentacle-slap the phantom.
The phantom is heavily damaged.
The phantom hits you.
* * * LOW HITPOINT WARNING * * *
Press: ? - help, v - describe, . - travel
Here: a phantom (heavily damaged)
The floor.
Unknown command.
You completely miss the phantom.
The phantom is heavily damaged.
The phantom hits you!
You die...

###+# ...# ######
#..# ###....! #
#<.# #....#....
###)ยง#.#.h......#
#.......W#####.(.
#....##### #....+
###+.# .. #.# #.
#.


You could see a phantom.

Vanquished Creatures
  3 adders (D:2)
  4 orcs (D:3)
  8 ball pythons
  5 bats
  7 endoplasms
  A giant cockroach (D:2)
  4 goblins
  5 hobgoblins
  4 jackals (D:1)
  2 quokkas
  4 frilled lizards
  6 kobolds
  A rat (D:1)
54 creatures vanquished.

Notes
Turn   | Place    | Note
-------+----------+-------------------------------------------
     0 | D:1      | Twinkles the Octopode Shapeshifter began the quest for the
                  | Orb.
     0 | D:1      | Reached XP level 1. HP: 13/13 MP: 1/1
    72 | D:1      | Reached XP level 2. HP: 18/18 MP: 2/2
   295 | D:1      | Reached XP level 3. HP: 22/23 MP: 3/3
   610 | D:2      | Reached skill level 1 in Stealth
   698 | D:2      | Reached XP level 4. HP: 22/29 MP: 4/4
  1008 | D:2      | Found Vatrask's Assorted Antiques.
  1096 | D:2      | Found Loudaes's Book Boutique.
  1405 | D:3      | Noticed a phantom
  1434 | D:3      | HP: 6/29 [phantom (5)]
  1435 | D:3      | Slain by a phantom

Illustrated notes

Levels and vault maps discovered:
D:1:      saegor_arrival_miasma, layout_basic
D:2:      layout_basic, serial_shops, shop, nicolae_book_shop_shelving,
          minmay_misc_feat_chi, st_stairs_8, grunt_ministairs_10,
          grunt_decor_junction, serial_bayou_lake_a
D:3:      layout_basic, grunt_nemelex_the_gamble,
          mainiacjoe_overflow_surrounded_room, uniq_crazy_yiuf_cottage

Skill      XL: |  1  2  3  4 |
---------------+-------------+-----
Stealth        | 1 |  1.6
Fighting       | 2 |  2.1
Dodging        | |  2.7
Unarmed Combat | |  3.5
Shapeshifting  | |  3.4

Action                     |  1- 3 |  4- 6 || total
---------------------------+-------+-------++-------
  Melee: Unarmed           |    68 |    35 ||   103
         Constrict         |    14 |    10 ||    24
         Tentacles         |    10 |     8 ||    18
         Punch             |       |     2 ||     2
   Stab: Sleeping          |     2 |     3 ||     5
 Armour: Skin              |    37 |    15 ||    52
  Dodge: Dodged            |    36 |    15 ||    51

Table legend: (Time is in decaauts)
 A = Elapsed time spent in this place.
 B = Non-inter-level travel time spent in this place.
 C = Inter-level travel time spent in this place.
 D = Time resting spent in this place.
 E = Time spent auto-exploring this place.
 F = Levels seen in this place.
 G = Mean time per level.
                   A        B        C        D        E       F      G
               +--------+--------+--------+--------+--------+-----+--------+
         Total |   1428 |   1411 |     17 |     20 |   1106 |   3 |  476.0 |
       Dungeon |   1428 |   1411 |     17 |     20 |   1106 |   3 |  476.0 |
               +--------+--------+--------+--------+--------+-----+--------+

Top non-repeatable levels by time:
     D:2: 834 daAuts
     D:1: 569 daAuts
     D:3: 25 daAuts
